 Dungeon Crawl Stone Soup version 0.28-a0-1038-g9c4cb8273d (webtiles) character file.

Game seed: 15924637972605033931

38 ytrimaz the Insei (level 3, 0/23 HPs)
             Began as an Octopode Transmuter on Dec 8, 2021.
             Succumbed to an adder's poison
             ... on level 2 of the Dungeon.
             The game lasted 00:01:36 (1305 turns).

ytrimaz the Insei (Octopode Transmuter)             Turns: 1305, Time: 00:01:37

Health: 0/23       AC:  2    Str:  9    XL:     3   Next: 43%
Magic:  3/6        EV: 19    Int: 17    God:
Gold:   14         SH:  0    Dex: 17    Spells: 2/6 levels left

rFire   . . .      SeeInvis .     - Unarmed
rCold   . . .      Faith    .   (shield currently unavailable)
rNeg    . . .      Spirit   .   (helmet currently unavailable)
rPois   x          Reflect  .   (no amulet)
rElec   .          Harm     .   (no ring)
rCorr   .          Rampage  .   (no ring)
Will    .....                   (no ring)
Stlth   ++........              (no ring)
HPRegen 0.07/turn               (no ring)
MPRegen 0.10/turn               (no ring)
                                (no ring)
                                (no ring)

@: lethally poisoned (0 -> -2), spider-form (expiring)
A: venomous fangs, almost no armour, (amphibious), 8 rings, tiny, (camouflage
1), (gelatinous body 1), (nimble swimmer 1), (tentacles)
a: End Transformation


You were on level 2 of the Dungeon.
You were a venomous arachnid creature.
You visited 1 branch of the dungeon, and saw 2 of its levels.

You collected 14 gold pieces.

You aren't carrying anything.


   Skills:
 * Level 1.6 Fighting
 - Level 2.0 Dodging
 + Level 3.8 Unarmed Combat
 + Level 2.2 Spellcasting
 + Level 2.2 Transmutations


You had 2 spell levels left.
You knew the following spells:

 Your Spells              Type           Power      Damage    Failure   Level
a - Beastly Appendage     Tmut           18%        N/A       21%         1
b - Spider Form           Tmut/Pois      5%         N/A       56%         3

Your spell library contained the following spells:

 Spells                   Type           Power      Damage    Failure   Level
 Wereblood                Tmut           9%         N/A       28%         2
 Ice Form                 Ice/Tmut       5%         N/A       89%         4


Dungeon Overview and Level Annotations

Branches:
Dungeon (2/15)

Altars:


Innate Abilities, Weirdness & Mutations

You are a venomous arachnid creature.
You have poisonous fangs.
You are tiny and dextrous.
Your spellcasting is less reliable in this form.
Your armour is entirely melded.
You are incapable of wielding weapons or throwing items.
You cannot wear most types of armour.
((You are amphibious.))
You can wear up to eight rings at the same time.
((Your skin changes colour to match your surroundings (Stealth+).))
((Your rubbery body absorbs attacks. (AC +1, EV +1)))
((You are camouflaged near water. (Stealth+)))
((You have tentacles for arms and can constrict up to eight enemies at once.))


Message History

There is a stone staircase leading up here.
Casting: Beastly Appendage (safe; 8% risk of failure)
Confirm with . or Enter, or press ? or * to list all spells.
The spell is extremely dangerous to miscast (36% risk of failure)!
Continue anyway?
You turn into a venomous arachnid creature.
The adder barely misses you. The worm barely misses you.
Unknown command.
You closely miss the adder. The adder bites you.
You are poisoned.
The adder poisons you!
The adder hisses angrily.
You hit the adder but do no damage.
The adder is poisoned.
You feel sick. The adder bites you but does no damage. The worm bites you.
The adder misses you.
You bite the adder!
The adder looks as sick as possible!
The adder is severely wounded.
Your transformation is almost over.
You feel sick. The adder barely misses you. The worm completely misses you.
Unknown command.
You hit the adder.
You kill the adder!
You feel sick.
Unknown command.
You hit the worm.
The worm is poisoned.
The worm is moderately wounded.
You feel sick. The worm bites you.
You hit the worm.
The worm is moderately wounded.
You feel sick.
The kobold hits you with a +0 short sword.
* * * LOW HITPOINT WARNING * * *
Unknown command.
You aren't carrying any potions.
Unknown command.
You aren't carrying any potions.
You aren't carrying any potions.
You aren't carrying any scrolls.
You hit the worm.
The worm looks as sick as possible!
The worm is severely wounded.
You die...

..#. .#
.#.#+#.##
.......
#.....#
..... ..|
#w# #s#.#
#K#.#####
###S#......
##..g.......
#...........
#...........
#.#<#.######
#.#.........
#.#.........


You could see a worm (extremely poisoned), an adder, a goblin and a kobold.

Vanquished Creatures
  An adder (D:2)
  A ball python (D:1)
  An endoplasm (D:1)
  4 giant cockroaches (D:1)
  2 goblins (D:1)
  5 hobgoblins (D:1)
  A quokka (D:1)
  7 bats (D:1)
  A frilled lizard (D:1)
  2 kobolds (D:1)
25 creatures vanquished.

Vanquished Creatures (collateral kills)
  An endoplasm (D:1)
1 creature vanquished.

Grand Total: 26 creatures vanquished

Notes
Turn   | Place    | Note
-------+----------+-------------------------------------------
     0 | D:1      | ytrimaz the Octopode Transmuter began the quest for the
                  | Orb.
     0 | D:1      | Reached XP level 1. HP: 13/13 MP: 3/3
     2 | D:1      | Noticed a ghoul
     4 | D:1      | Noticed a ghoul
     6 | D:1      | Noticed a barachi
     8 | D:1      | Noticed a draconian
     9 | D:1      | Noticed a demigod
    11 | D:1      | Noticed a dwarf
    11 | D:1      | Noticed a demonspawn
    13 | D:1      | Noticed a troll
    15 | D:1      | Noticed a merfolk
    15 | D:1      | Noticed a vampire
    15 | D:1      | Noticed a barachi
    17 | D:1      | Noticed an octopode
    19 | D:1      | Noticed a demigod
    19 | D:1      | Noticed a formicid
    21 | D:1      | Noticed a demigod
   458 | D:1      | Reached XP level 2. HP: 14/18 MP: 5/5
   920 | D:1      | Reached XP level 3. HP: 23/23 MP: 6/6
  1264 | D:1      | Learned a level 3 spell: Spider Form
  1304 | D:2      | HP: 1/23 [kobold (5)]
  1305 | D:2      | Succumbed to an adder's poison

Illustrated notes

Levels and vault maps discovered:
D:1:      shiori_arrival_whats_in_store_for_you, layout_rooms,
          minmay_door_square, supply_closet_lemuel
D:2:      layout_basic, minmay_tripent, uniq_robin, uniq_terence

Action                   || total
-------------------------++-------
Melee: Unarmed           ||    77
       Constrict         ||    15
       Kick              ||     1
       Tentacles         ||    12
 Cast: Beastly Appendage ||     3
       Spider Form       ||     1
  Use: Scroll            ||     2
       Potion            ||     1
 Stab: Sleeping          ||     4
Armor: Skin              ||    13
Dodge: Dodged            ||    61

Table legend: (Time is in decaauts)
 A = Elapsed time spent in this place.
 B = Non-inter-level travel time spent in this place.
 C = Inter-level travel time spent in this place.
 D = Time resting spent in this place.
 E = Time spent auto-exploring this place.
 F = Levels seen in this place.
 G = Mean time per level.
                   A        B        C        D        E       F      G
               +--------+--------+--------+--------+--------+-----+--------+
         Total |   1300 |   1276 |     24 |      0 |   1055 |   2 |  650.0 |
       Dungeon |   1300 |   1276 |     24 |      0 |   1055 |   2 |  650.0 |
               +--------+--------+--------+--------+--------+-----+--------+

Top non-repeatable levels by time:
     D:1: 1284 daAuts
     D:2: 15 daAuts
